Map: Sequencer LE

Players

Has

  • Race: Protoss Protoss
  • Spawn Location: 7:00

Elazer - Winner!

  • Race: Zerg Zerg
  • Spawn Location: 1:00

Event: WCS Valencia 2017

VOD

Have the link to the VOD?

Description

Time

  • Played on: July 14, 2017, 8:55 a.m.
  • Length: 6:28

All games in this series

Show
View Real Time Build Order
Export as new Build Order

Has Protoss 

Build Orders: Oracle Opening 

Get SALT Encoding   

  12  0:00  Probe (Chrono Boost)  
  13  0:11  Probe (Chrono Boost)  
  14  0:17  Pylon  
  14  0:22  Probe (Chrono Boost)  
  15  0:36  Probe (Chrono Boost)  
  15  0:39  Gateway  
  16  0:46  Probe (Chrono Boost)  
  18  0:57  Probe (Chrono Boost)  
  18  1:04  Forge  
  18  1:07  Probe (Chrono Boost)  
  19  1:18  Probe (Chrono Boost)  
  20  1:20  Assimilator  
  20  1:28  Probe (Chrono Boost)  
  20  1:32  Pylon  
  21  1:34  Pylon  
  21  1:37  Pylon  
  21  1:46  Pylon  
  21  1:47  Pylon  
  21  1:52  Pylon  
  21  1:53  Probe (Chrono Boost)  
  21  1:58  Nexus  
  21  2:03  Probe (Chrono Boost)  
  22  2:13  Cybernetics Core  
  22  2:14  Probe (Chrono Boost)  
  23  2:28  Photon Cannon  
  23  2:37  Pylon  
  23  2:53  Nexus  
  23  2:58  Assimilator  
  23  3:07  Stargate  
  23  3:10  Probe (Chrono Boost)  
  24  3:13  Probe (Chrono Boost)  
  25  3:21  Probe, Stalker (Chrono Boost)  
  25  3:26  Probe  
  29  3:32  Probe  
  30  3:38  Probe  
  31  3:43  Probe (Chrono Boost)  
  32  3:49  Pylon  
  32  3:50  Probe (Chrono Boost)  
  32  3:54  Probe (Chrono Boost)  
  32  3:55  Oracle (Chrono Boost)  
  37  4:00  Probe  
  38  4:06  Probe  
  37  4:10  Probe  
  37  4:12  Probe  
  35  4:18  Probe  
  35  4:21  Probe  
  35  4:23  Probe  
  35  4:31  Probe (Chrono Boost)  
  34  4:32  Probe (Chrono Boost)  
  34  4:34  Probe (Chrono Boost)  
  36  4:43  Probe x2 (Chrono Boost)  
  39  4:50  Void Ray (Chrono Boost)  
  39  4:51  Probe  
  42  4:55  Probe x2  
  45  5:02  Probe  
  45  5:06  Probe  
  46  5:07  Probe  
  46  5:08  Assimilator  
  46  5:09  Assimilator  
  46  5:12  Probe  
  49  5:16  Probe  
  49  5:19  Probe  
  51  5:23  Probe  
  51  5:27  Probe  
  52  5:31  Probe  
  52  5:33  Probe  
  55  5:38  Probe  
  55  5:44  Probe x2  
  55  5:48  Probe  
  55  5:49  Oracle (Chrono Boost)  
  60  5:54  Probe  
  60  5:56  Probe  
  60  5:58  Assimilator  
  60  5:59  Probe, Assimilator  
  61  6:05  Probe  
  61  6:08  Probe  
  61  6:09  Probe  
  64  6:13  Stargate  
  64  6:15  Pylon, Probe  
  64  6:16  Pylon  
  65  6:19  Pylon  
  65  6:22  Pylon  
Show
View Real Time Build Order
Export as new Build Order

Elazer Zerg - Winner!

Build Orders: Hatch First 

Get SALT Encoding   

  12  0:00  Drone  
  13  0:12  Overlord  
  13  0:17  Drone  
  14  0:30  Drone x2  
  14  0:34  Drone  
  17  0:51  Hatchery  
  17  0:54  Drone  
  17  0:57  Drone  
  18  1:08  Extractor  
  17  1:13  Spawning Pool  
  17  1:16  Drone  
  17  1:19  Drone  
  18  1:28  Drone  
  19  1:45  Overlord  
  19  1:59  Queen  
  19  2:00  Zergling x2  
  22  2:04  Zergling x4  
  24  2:13  Metabolic Boost  
  24  2:14  Drone  
  25  2:17  Drone  
  25  2:22  Drone  
  27  2:25  Drone  
  28  2:32  Queen  
  28  2:34  Drone  
  31  2:38  Zergling x2  
  32  2:45  Overlord  
  32  2:59  Zergling x6  
  32  3:00  Evolution Chamber  
  34  3:06  Zergling x2  
  34  3:12  Drone x2  
  37  3:16  Drone  
  38  3:24  Hatchery, Drone x2  
  39  3:29  Overlord  
  39  3:31  Drone  
  39  3:33  Drone  
  41  3:40  Drone  
  42  3:43  Drone x2  
  42  3:48  Drone  
  45  3:53  Drone x3  
  45  3:54  Drone  
  49  4:00  Drone  
  49  4:05  Drone  
  49  4:10  Drone  
  49  4:14  Drone  
  49  4:16  Drone  
  51  4:18  Drone  
  51  4:25  Overlord  
  51  4:28  Queen, Drone  
  51  4:29  Spore Crawler  
  51  4:30  Spore Crawler  
  50  4:32  Lair  
  50  4:35  Extractor, Queen, Roach Warren  
  50  4:37  Zergling x4  
  50  4:39  Zergling x4  
  50  4:44  Extractor  
  50  4:45  Drone x3  
  54  4:55  Zergling x2  
  54  4:56  Zergling x6  
  54  4:57  Overlord  
  54  4:59  Spore Crawler  
  57  5:01  Drone, Overlord  
  57  5:02  Drone  
  59  5:07  Queen  
  61  5:25  Roach x2  
  65  5:30  Nydus Network  
  65  5:31  Queen x2  
  65  5:33  Roach x2  
  72  5:39  Roach x2  
  75  5:45  Queen  
  75  5:51  Overseer  
  75  5:54  Roach x3  
  78  6:00  Zergling x6  
  78  6:01  Zergling x4  
  81  6:07  Nydus Canal  
Tags
 
Add a new tag
Caveats
  • Supply blocks, unpowered buildings, or Contaminate may cause inaccurate times.
  • Supply counts are checked every 10 seconds.